Map: Deathaura LE

Players

Dream - Winner!

  • Race: Terran Terran
  • League: Master
  • Spawn Location: 11:00

RagnaroK (SHIN)

  • Race: Zerg Zerg
  • League: Grandmaster
  • Spawn Location: 5:00

Event: War Chest Team League

VOD

Have the link to the VOD?

Description

Time

  • Played on: Aug. 16, 2020, 9:28 a.m.
  • Length: 22:16
Show
View Real Time Build Order
Export as new Build Order

Dream Terran - Winner!

Build Orders: Reaper Expand, Mech 

Get SALT Encoding   

  12  0:00  SCV  
  13  0:12  SCV  
  14  0:17  Supply Depot  
  14  0:24  SCV  
  15  0:38  SCV  
  15  0:40  Barracks  
  15  0:42  Refinery  
  16  0:50  SCV  
  17  1:02  SCV  
  18  1:15  SCV  
  19  1:26  Reaper  
  19  1:27  Orbital Command  
  20  1:37  Command Center  
  20  1:52  SCV  
  20  1:53  Supply Depot  
  21  1:58  Marine  
  22  2:02  Factory  
  22  2:04  SCV  
  23  2:16  SCV  
  23  2:20  Barracks Reactor  
  24  2:29  SCV  
  25  2:36  Command Center  
  25  2:41  SCV  
  26  2:49  Orbital Command  
  26  2:53  SCV  
  26  2:57  Starport  
  27  3:03  Refinery  
  27  3:05  SCV  
  28  3:09  Hellion  
  32  3:13  Hellion  
  32  3:16  SCV  
  32  3:19  SCV  
  34  3:26  Refinery  
  33  3:28  SCV  
  33  3:30  Hellion  
  33  3:31  SCV  
  39  3:40  SCV  
  38  3:42  Fusion Core  
  38  3:43  SCV  
  38  3:47  Hellion  
  41  3:52  SCV, Hellion  
  41  3:54  Orbital Command  
  44  3:55  SCV  
  44  3:59  Starport Tech Lab  
  45  4:04  SCV  
  45  4:07  SCV  
  45  4:09  Refinery  
  47  4:11  Hellion  
  47  4:16  SCV  
  52  4:20  SCV  
  53  4:25  SCV  
  53  4:27  Supply Depot  
  53  4:28  SCV  
  53  4:29  Supply Depot  
  53  4:32  Orbital Command  
  53  4:34  Battlecruiser  
  53  4:38  SCV  
  60  4:40  SCV  
  61  4:46  Weapon Refit  
  61  4:50  SCV, Supply Depot  
  61  4:51  Hellion x2  
  66  4:55  SCV  
  66  4:59  Refinery  
  67  5:01  SCV  
  67  5:02  SCV  
  67  5:06  Refinery  
  69  5:07  SCV  
  69  5:12  Factory  
  69  5:13  SCV  
  72  5:14  SCV, Factory  
  72  5:17  Supply Depot  
  72  5:19  SCV  
  73  5:25  SCV, Hellion x2  
  73  5:26  SCV  
  79  5:31  SCV  
  80  5:38  SCV x2  
  80  5:40  Battlecruiser  
  88  5:43  SCV  
  88  5:47  Supply Depot  
  89  5:50  SCV  
  89  5:51  Supply Depot  
  89  5:52  SCV  
  89  5:53  Hellion  
  93  6:03  Supply Depot  
  93  6:04  Supply Depot  
  93  6:06  Factory Tech Lab  
  93  6:07  Factory Tech Lab  
  93  6:08  SCV x2  
  93  6:09  SCV, Hellion  
  98  6:17  Supply Depot  
  98  6:19  Supply Depot  
  98  6:20  SCV  
  98  6:21  Armory  
  98  6:22  Armory  
  98  6:23  SCV  
  98  6:24  SCV  
  99  6:32  SCV  
  99  6:36  SCV  
  99  6:37  SCV  
  99  6:38  Hellion x2  
  94  6:45  SCV  
  91  6:48  SCV  
  91  6:49  Battlecruiser  
  91  6:50  SCV  
  97  6:55  Engineering Bay  
  97  6:57  SCV  
  97  6:58  Siege Tank x2  
  106  7:08  Terran Vehicle Weapons Level 1  
  106  7:10  Terran Vehicle And Ship Armor Level 1, Widow Mine x2  
  108  7:22  Command Center  
  108  7:28  Factory x2  
  108  7:30  Siege Tank  
  108  7:31  Siege Tank  
  108  7:34  Widow Mine x2  
  118  7:39  Missile Turret  
  118  7:44  Missile Turret  
  118  7:47  Mag-Field Accelerator, Infernal Pre-Igniter  
  118  7:49  Missile Turret  
  118  7:55  Battlecruiser  
  124  8:00  Widow Mine x2  
  124  8:03  Cyclone, Siege Tank  
  134  8:07  Supply Depot  
  134  8:11  Supply Depot  
  134  8:14  Factory Reactor, Factory Tech Lab  
  134  8:19  Command Center  
  134  8:23  Hellion x2, Sensor Tower  
  138  8:34  Factory x3  
  138  8:38  Supply Depot  
  138  8:39  Siege Tank  
  141  8:53  Cyclone  
  141  8:54  Siege Tank  
  151  8:55  Hellion  
  151  8:56  Hellion x2  
  151  9:00  Missile Turret  
  153  9:04  Hellion x6  
  153  9:08  Planetary Fortress, Terran Vehicle Weapons Level 2  
  153  9:10  SCV x3  
  156  9:21  Refinery, Terran Vehicle And Ship Armor Level 2  
  156  9:22  SCV x3, Hellion  
  161  9:24  Refinery  
  161  9:29  Hellion x2, Factory Reactor  
  165  9:33  Factory Tech Lab x2  
  165  9:34  Cyclone  
  168  9:48  Cyclone  
  168  9:49  Cyclone  
  168  9:51  Hellion x2  
  178  9:58  Starport Reactor  
  178  10:04  Orbital Command  
  178  10:07  Command Center  
  178  10:16  Cyclone x2  
  178  10:18  Siege Tank  
  178  10:21  Siege Tank  
  188  10:32  Thor  
  188  10:34  Supply Depot  
  194  10:41  Liberator  
  189  10:48  Thor  
  179  10:50  Liberator  
  179  10:51  Hellion  
  179  10:52  Hellion x5, Advanced Ballistics  
  194  11:10  Missile Turret, Sensor Tower  
  194  11:15  Thor  
  194  11:35  Refinery  
  194  11:36  Refinery  
  194  11:38  Thor x2  
  194  11:49  Thor  
  185  12:23  Siege Tank x4  
  185  12:24  Hellion  
  189  12:32  Hellion x3, Cyclone  
  195  12:37  Hellion  
  195  12:38  Hellion  
  196  12:51  Terran Vehicle Weapons Level 3  
  194  12:52  Terran Vehicle And Ship Armor Level 3  
  194  12:55  Cyclone x2  
  174  13:21  Thor  
  174  13:24  Thor x2  
  174  13:25  Hellion x4  
  174  13:26  Hellion  
  173  13:27  Thor  
  173  13:28  Hellion x2  
  166  13:47  Hellion x2  
  170  13:49  Cyclone  
  170  13:54  Hellion x2, Liberator x2  
  183  13:59  Hellion x2  
  163  14:04  Cyclone  
  163  14:07  Planetary Fortress, Cyclone x2  
  163  14:09  Command Center  
  160  14:10  Cyclone  
  163  14:21  Cyclone  
  158  14:29  Hellion x2  
  156  14:32  Hellion x2  
  156  14:36  Siege Tank  
  156  14:37  Liberator x2  
  167  14:39  Thor x2  
  179  14:52  Command Center  
  179  14:58  Thor  
  185  15:07  Thor  
  183  15:08  Thor  
  163  15:22  Thor x2  
  165  15:29  Orbital Command  
  165  15:32  Viking x2  
  165  15:34  Hellion x2  
  165  15:35  Hellion x2  
  175  15:37  Hellion  
  175  15:40  Thor  
  183  15:50  Terran Ship Weapons Level 1  
  183  15:55  Hellion x2  
  183  15:56  Hellion x3  
  193  15:58  Hellion  
  195  16:09  Liberator  
  198  16:23  Orbital Command  
  195  16:26  Command Center  
  195  16:32  Command Center  
  195  16:34  Hellion x3  
  195  16:35  Hellion  
  179  17:02  Liberator x2  
  185  17:13  Thor  
  197  17:17  Siege Tank x2  
  191  17:40  Missile Turret  
  191  17:42  Missile Turret x2  
  191  17:43  Sensor Tower  
  191  17:44  Liberator  
  191  17:45  Liberator  
  189  18:26  Orbital Command  
  183  18:27  Liberator x2  
  189  18:35  Unknown  
  189  18:37  Unknown  
  181  18:45  Orbital Command  
  178  18:49  Command Center, Missile Turret x2  
  178  18:50  Sensor Tower  
  178  18:52  Missile Turret  
  177  19:06  Sensor Tower  
  176  19:15  Viking x2  
  180  19:19  Starport  
  180  19:20  Factory  
  180  19:21  Missile Turret, Starport  
  180  19:22  Refinery x2  
  180  19:23  Thor x2  
  192  19:24  Siege Tank x2  
  198  19:36  Planetary Fortress  
  196  19:48  Terran Ship Weapons Level 2, Liberator x2  
  196  20:01  Missile Turret  
  196  20:02  Sensor Tower  
  196  20:07  Command Center  
  196  20:14  Siege Tank  
  191  20:52  Liberator x2  
  191  20:58  Hellion x5  
  191  20:59  Hellion  
  191  21:11  Thor  
  197  21:29  Hellion x6  
  164  21:32  Starport Reactor  
  164  21:33  Starport Reactor  
  157  21:43  Hellion x7  
  157  21:45  Viking x2  
Show
View Real Time Build Order
Export as new Build Order

RagnaroK Zerg 

Build Orders: Hatch First, Brood Lord Corruptor 

Get SALT Encoding   

  12  0:00  Drone  
  13  0:12  Overlord  
  13  0:16  Drone  
  14  0:31  Drone x2  
  16  0:46  Hatchery  
  15  0:50  Drone  
  15  0:54  Drone  
  17  0:58  Drone  
  18  1:08  Extractor  
  17  1:12  Spawning Pool  
  17  1:15  Drone  
  17  1:18  Drone  
  18  1:29  Drone  
  19  1:42  Drone  
  20  1:59  Queen x2  
  20  2:00  Zergling x6  
  27  2:10  Overlord  
  27  2:18  Hatchery  
  27  2:21  Drone  
  27  2:27  Metabolic Boost  
  27  2:30  Drone  
  27  2:33  Drone  
  29  2:39  Drone x2  
  31  2:47  Queen  
  33  2:53  Overlord  
  33  2:56  Drone  
  34  2:59  Drone  
  34  3:03  Pneumatized Carapace  
  35  3:06  Drone  
  35  3:12  Drone x3  
  39  3:16  Drone x2  
  41  3:22  Overlord  
  41  3:24  Drone  
  42  3:29  Queen  
  42  3:32  Drone  
  42  3:33  Drone  
  46  3:39  Queen  
  48  3:42  Zergling x2  
  48  3:43  Zergling x2  
  48  3:44  Zergling x2  
  48  3:47  Drone  
  52  3:53  Drone x4  
  56  3:56  Overlord  
  56  4:00  Drone x2  
  58  4:05  Overlord  
  58  4:12  Roach Warren  
  58  4:13  Evolution Chamber, Drone x2  
  58  4:15  Drone x2  
  60  4:19  Queen  
  60  4:22  Drone  
  60  4:23  Drone  
  64  4:24  Drone  
  64  4:30  Queen  
  64  4:31  Drone, Extractor  
  67  4:32  Drone  
  67  4:33  Drone  
  67  4:35  Drone  
  67  4:36  Drone  
  67  4:38  Drone  
  72  4:39  Drone  
  72  4:43  Drone  
  72  4:45  Lair  
  74  4:46  Overlord  
  74  4:49  Overlord  
  74  4:53  Overlord  
  74  4:54  Zerg Missile Weapons Level 1  
  74  4:58  Spore Crawler x2  
  72  5:00  Spore Crawler  
  72  5:01  Drone  
  72  5:03  Drone x2  
  72  5:05  Drone  
  72  5:06  Drone  
  76  5:07  Drone  
  76  5:10  Queen  
  76  5:12  Drone  
  80  5:15  Drone  
  80  5:16  Spore Crawler, Drone  
  80  5:18  Drone  
  80  5:19  Drone  
  83  5:22  Queen  
  83  5:23  Drone  
  83  5:28  Extractor  
  85  5:29  Drone x3  
  85  5:30  Extractor  
  85  5:32  Zergling x2  
  85  5:33  Zergling x8  
  92  5:37  Extractor  
  92  5:38  Extractor  
  92  5:39  Zergling x4  
  92  5:47  Spire  
  90  5:50  Zergling x4  
  90  5:51  Drone x5  
  90  5:56  Drone  
  98  5:59  Drone x2  
  98  6:07  Overlord  
  98  6:10  Hatchery, Overlord  
  97  6:12  Overlord  
  97  6:14  Overlord  
  97  6:16  Overlord  
  97  6:21  Overlord  
  97  6:23  Overlord  
  97  6:25  Overlord  
  97  6:26  Drone x2  
  99  6:36  Roach x6  
  102  6:40  Roach x2  
  102  6:41  Roach  
  105  7:00  Corruptor x5  
  112  7:08  Corruptor x2  
  111  7:11  Drone  
  116  7:16  Corruptor x2  
  116  7:17  Glial Reconstitution  
  116  7:22  Drone x5  
  124  7:26  Zerg Missile Weapons Level 2  
  124  7:27  Drone  
  124  7:29  Drone  
  126  7:36  Drone x3  
  127  7:37  Evolution Chamber, Drone, Baneling Nest  
  127  7:40  Drone x2  
  127  7:43  Zerg Flyer Weapons Level 1  
  128  7:47  Drone x2  
  128  7:48  Infestation Pit  
  128  7:50  Drone x3  
  132  7:54  Overlord  
  132  7:58  Drone x3  
  135  8:00  Overlord  
  135  8:03  Corruptor x2  
  139  8:07  Drone  
  139  8:08  Extractor x2  
  139  8:11  Overseer  
  138  8:15  Burrow  
  138  8:17  Drone x3  
  138  8:18  Overlord  
  141  8:23  Centrifical Hooks  
  141  8:24  Zerg Melee Weapons Level 1  
  141  8:28  Hatchery, Hive  
  144  8:34  Roach x4  
  144  8:38  Zergling x8, Roach  
  154  8:42  Pathogen Glands  
  154  8:47  Drone x5  
  159  8:53  Overlord  
  159  8:54  Overlord  
  159  8:55  Corruptor x2  
  161  8:58  Ravager x3  
  161  8:59  Ravager x2  
  167  9:06  Corruptor x2  
  171  9:12  Spore Crawler  
  171  9:13  Spine Crawler  
  171  9:16  Overseer  
  169  9:17  Corruptor x2  
  173  9:28  Drone x2  
  173  9:29  Drone  
  173  9:30  Drone  
  173  9:31  Hatchery, Extractor  
  176  9:32  Extractor  
  174  9:39  Neural Parasite  
  176  9:48  Adrenal Glands  
  166  9:54  Drone  
  166  9:56  Spore Crawler  
  166  9:57  Infestor x3  
  166  9:58  Spine Crawler  
  166  9:59  Spine Crawler  
  170  10:05  Zerg Missile Weapons Level 3  
  170  10:11  Overlord  
  170  10:12  Zergling x30, Roach  
  185  10:21  Hatchery  
  185  10:27  Greater Spire  
  185  10:28  Zerg Melee Weapons Level 2  
  184  10:29  Viper x2  
  190  10:41  Drone x7  
  186  10:58  Ravager x4  
  186  10:59  Ravager  
  186  11:02  Zergling x12, Roach  
  199  11:04  Hatchery  
  198  11:12  Baneling x15  
  198  11:17  Spine Crawler  
  197  11:20  Spine Crawler  
  196  11:28  Baneling  
  196  11:29  Baneling x10  
  196  11:34  Zergling x6, Roach  
  196  11:38  Zergling x10, Roach  
  198  11:45  Zergling x8  
  196  11:49  Zerg Flyer Weapons Level 2  
  196  11:51  Zergling x4, Roach  
  199  12:00  Zergling x2  
  199  12:01  Zergling x4, Roach  
  191  12:23  Baneling x3  
  191  12:28  Brood Lord x5  
  199  12:31  Brood Lord x3  
  199  12:36  Corruptor x2  
  199  12:41  Ultralisk Cavern  
  199  12:42  Corruptor x3  
  198  12:53  Zergling x20, Roach  
  198  12:57  Zergling x6, Roach  
  200  12:59  Zerg Melee Weapons Level 3  
  200  13:00  Zerg Ground Armor Level 1  
  200  13:12  Zergling x8  
  199  13:17  Roach x5  
  190  13:24  Zergling x2, Roach x10  
  187  13:32  Zergling x32, Roach x3  
  197  13:37  Ravager x5  
  197  13:39  Brood Lord  
  197  13:40  Brood Lord x3  
  200  13:42  Roach  
  200  13:48  Roach  
  192  13:56  Zergling x2, Roach  
  192  13:57  Zergling x20, Roach  
  192  14:00  Drone x3  
  192  14:01  Drone x2  
  186  14:04  Drone  
  187  14:15  Brood Lord x4  
  183  14:25  Drone x7  
  183  14:30  Ravager x8  
  196  14:40  Baneling x12  
  196  14:43  Baneling x2  
  196  14:54  Zergling x6  
  196  14:56  Baneling x6  
  196  14:57  Hatchery  
  183  15:19  Drone x5  
  169  15:22  Corruptor x5  
  170  15:32  Infestor  
  170  15:33  Infestor x3  
  173  15:38  Zerg Flyer Armor Level 1  
  173  15:44  Corruptor x2  
  173  15:47  Drone x3  
  182  15:57  Brood Lord  
  182  15:58  Infestor  
  182  16:00  Zergling x16  
  188  16:13  Infestor  
  188  16:17  Unknown  
  190  16:19  Unknown  
  190  16:23  Spore Crawler  
  190  16:24  Spore Crawler  
  190  16:25  Spine Crawler x2  
  180  16:29  Brood Lord x3  
  183  16:43  Hatchery  
  183  16:45  Drone x6  
  182  16:49  Drone  
  182  16:50  Drone x10  
  181  16:57  Brood Lord  
  181  17:00  Brood Lord  
  183  17:06  Brood Lord  
  185  17:24  Viper x2  
  185  17:28  Corruptor x3  
  193  17:35  Corruptor  
  191  17:38  Corruptor  
  191  17:40  Overseer  
  192  17:51  Infestor  
  192  17:53  Overlord  
  192  17:58  Zerg Flyer Weapons Level 3  
  194  18:03  Hatchery  
  193  18:11  Infestor x3  
  195  18:22  Infestor  
  195  18:23  Overlord  
  197  18:33  Zerg Ground Armor Level 2  
  197  18:37  Hatchery  
  194  18:46  Corruptor x3  
  199  18:48  Overseer  
  198  19:10  Spire  
  198  19:15  Drone  
  198  19:18  Unknown  
  198  19:20  Drone x3  
  200  19:27  Overseer x3  
  197  19:40  Drone x2  
  197  19:44  Infestor x7  
  197  19:45  Infestor x4  
  190  19:50  Corruptor x6  
  200  20:01  Spore Crawler  
  200  20:02  Spore Crawler  
  200  20:03  Spore Crawler  
  200  20:05  Spore Crawler  
  196  20:13  Spore Crawler  
  195  20:14  Spore Crawler  
  195  20:15  Spore Crawler  
  189  20:22  Infestor x10  
  189  20:23  Brood Lord  
  189  20:24  Brood Lord x3  
  196  20:46  Drone x2  
  196  20:47  Drone  
  196  20:48  Spine Crawler  
  198  20:55  Corruptor x3  
  191  21:19  Corruptor  
  191  21:20  Corruptor x3  
  150  21:38  Drone x15  
Tags
 
Add a new tag
Caveats
  • Supply blocks, unpowered buildings, or Contaminate may cause inaccurate times.
  • Supply counts are checked every 10 seconds.